AoeStats
← 帝国的铁汉

African Clearing

506829763Analyzed
4v4 RM · 17d ago on Sep 15, 2026· 65m 31s· 8 players
Game mode
Random Map
Map size
Large (8 player)
Population
200
Speed
Normal
Resources
Standard
Victory
Conquest
Starting age
Dark Age
Ending age
Imperial Age
RankedLock teamsTeams togetherTeam positionsShared explorationLock speedFull tech treeHidden civsTurbo modeCheats
Victory
Defeat
🇨🇳 Huns · China
1373
+10
🇨🇳 Mapuche · China
1309
+13
🇨🇳 Saracens · China
942
+27
🇨🇳 Italians · China
936
+27
🇭🇰 Bulgarians · Hong Kong SAR China
1256
-20
🇨🇳 Mongols · China
1233
-19
🇫🇷 Tatars · France
1216
-19
🇮🇳 Cumans · India
1194
-19
Ambarish Choudhary
16:02 Feudal Age
18:19 Wheelbarrow
19:36 Loom
20:08 Town Watch
21:52 Double-Bit Axe
26:40 Horse Collar
31:51 Castle Age
30:38 Gold Mining
30:38 Stone Mining
33:06 Bow Saw
33:00 Heavy Plow
33:42 Bloodlines
36:23 Fletching
38:40 Bodkin Arrow
38:51 Scale Barding Armor
41:18 Hand Cart
45:46 Imperial Age
43:17 Town Patrol
45:27 Gold Shaft Mining
46:17 Chain Barding Armor
46:08 Forging
46:17 Cavalier
46:56 Murder Holes
47:45 Guilds
48:17 Plate Barding Armor
48:18 Iron Casting
48:45 Chemistry
47:44 Paladin
49:59 Conscription
51:17 Blast Furnace
54:42 Caravan
55:13 Coinage
55:50 Ballistics
54:58 Light Cavalry
58:08 Two-Man Saw
57:39 Crop Rotation
56:33 Hussar
58:48 Padded Archer Armor
58:59 Masonry
60:21 Squires
60:07 Arson
62:00 Pikeman
Leven仔不会玩
4:53 Loom
14:36 Feudal Age
19:06 Castle Age
17:45 Double-Bit Axe
18:22 Fletching
18:33 Horse Collar
19:22 Bloodlines
19:12 Gold Mining
21:58 Bow Saw
25:41 Wheelbarrow
27:13 Hand Cart
27:41 Town Watch
29:45 Heavy Plow
30:09 Bodkin Arrow
35:16 Imperial Age
32:50 Padded Archer Armor
33:14 Ballistics
33:58 Leather Archer Armor
33:52 Thumb Ring
33:45 Stone Mining
34:16 Murder Holes
35:55 Gold Shaft Mining
36:00 Stone Shaft Mining
36:53 Parthian Tactics
37:45 Chemistry
36:45 Capped Ram
37:53 Bracer
38:17 Drill
38:32 Conscription
39:19 Scale Barding Armor
39:25 Forging
39:40 Forging
39:42 Husbandry
39:03 Light Cavalry
40:28 Chain Barding Armor
40:47 Iron Casting
40:24 Hussar
42:17 Blast Furnace
47:18 Elite Mangudai
49:07 Caravan
横扫五十岁以上无敌手
13:19 Feudal Age
17:39 Castle Age
15:44 Double-Bit Axe
16:07 Loom
16:07 Horse Collar
18:19 Scale Barding Armor
19:14 Bloodlines
21:29 Forging
25:47 Wheelbarrow
28:09 Gold Mining
28:36 Bow Saw
32:34 Imperial Age
30:43 Fletching
32:16 Gold Shaft Mining
31:50 Husbandry
31:53 Town Watch
32:42 Chain Barding Armor
32:58 Iron Casting
32:24 Stirrups
33:07 Hand Cart
32:34 Elite Skirmisher
33:45 Conscription
33:29 Town Patrol
33:57 Light Cavalry
37:02 Chemistry
36:23 Ballistics
35:59 Murder Holes
36:45 Bodkin Arrow
38:08 Bracer
38:23 Padded Archer Armor
38:51 Thumb Ring
40:16 Plate Barding Armor
39:34 Elite Konnik
41:50 Hussar
44:39 Leather Archer Armor
45:25 Blast Furnace
53:59 Bagains
Barath
10:06 Loom
12:25 Feudal Age
13:47 Double-Bit Axe
17:25 Fletching
21:58 Castle Age
20:19 Horse Collar
23:41 Bow Saw
23:37 Heavy Plow
26:08 Bodkin Arrow
28:19 Wheelbarrow
27:40 Gold Mining
27:40 Stone Mining
29:20 Husbandry
34:35 Bloodlines
34:32 Padded Archer Armor
34:30 Elite Skirmisher
36:10 Leather Archer Armor
37:49 Ballistics
39:46 Hand Cart
39:16 Town Watch
39:24 Light Cavalry
43:54 Forging
43:50 Scale Barding Armor
46:24 Imperial Age
46:40 Hussar
46:43 Heavy Cavalry Archer
49:14 Chemistry
48:20 Siege Engineers
48:26 Masonry
48:40 Treadmill Crane
50:25 Bracer
50:56 Ring Archer Armor
51:01 Iron Casting
50:47 Chain Barding Armor
51:49 Conscription
53:43 Blast Furnace
53:21 Plate Barding Armor
56:15 Silk Armor
59:20 Murder Holes
直视我 崽种
14:55 Feudal Age
18:22 Castle Age
17:53 Double-Bit Axe
21:21 Stone Mining
21:23 Gold Mining
24:28 Wheelbarrow
25:00 Horse Collar
30:31 Bow Saw
31:37 Fletching
31:47 Padded Archer Armor
32:37 Stone Shaft Mining
33:17 Bodkin Arrow
33:37 Leather Archer Armor
33:31 Heavy Plow
38:15 Imperial Age
36:01 Hand Cart
37:49 Ballistics
39:59 Chemistry
38:29 Capped Ram
39:55 Bracer
40:25 Ring Archer Armor
41:59 Thumb Ring
46:52 Conscription
47:42 Two-Man Saw
47:23 Crop Rotation
48:58 Elite Genoese Crossbowman
54:13 Chemistry
54:49 Murder Holes
帝国的铁汉
13:40 Feudal Age
12:23 Loom
17:28 Castle Age
15:35 Double-Bit Axe
15:50 Fletching
15:47 Town Watch
16:04 Stone Mining
30:56 Bloodlines
33:33 Husbandry
35:27 Ballistics
37:55 Fishing Lines
39:03 Horse Collar
40:30 Gold Mining
41:35 Wheelbarrow
41:01 Heavy Plow
41:43 Bow Saw
42:14 Bodkin Arrow
44:00 Hand Cart
48:17 Imperial Age
46:02 Scale Barding Armor
46:07 Forging
46:59 Gold Shaft Mining
47:11 Chain Barding Armor
46:59 Gillnets
47:39 Chain Barding Armor
48:29 Iron Casting
49:43 Plate Barding Armor
49:31 Conscription
48:33 Cavalier
48:41 Capped Ram
50:23 Blast Furnace
50:21 Paladin
52:43 Siege Ram
53:40 Light Cavalry
57:20 Two-Man Saw
55:58 Hussar
66:49 Chemistry
66:00 Masonry
65:55 Bracer
浩
14:39 Feudal Age
21:39 Castle Age
20:07 Double-Bit Axe
20:04 Horse Collar
23:41 Bow Saw
25:40 Wheelbarrow
27:47 Loom
30:38 Husbandry
31:04 Heavy Plow
33:01 Forging
32:57 Scale Barding Armor
33:32 Gold Mining
33:48 Stone Mining
37:37 Imperial Age
36:58 Iron Casting
36:45 Chain Barding Armor
37:23 Hand Cart
38:30 Gold Shaft Mining
40:17 Blast Furnace
38:42 Elite Mameluke
40:45 Conscription
41:38 Plate Barding Armor
44:19 Bloodlines
48:31 Bimaristan
50:00 Sanctity
打我啊笨
13:05 Feudal Age
13:44 Double-Bit Axe
18:26 Gold Mining
22:22 Fishing Lines
24:55 Castle Age
23:23 Horse Collar
24:04 Fletching
24:14 Padded Archer Armor
26:37 Wheelbarrow
25:47 Loom
26:34 Bodkin Arrow
27:20 Bow Saw
29:48 Malon
29:50 Padded Archer Armor
31:49 Ballistics
32:18 Leather Archer Armor
32:53 Gold Shaft Mining
33:49 Heavy Plow
38:32 Imperial Age
36:20 Hand Cart
38:06 Champi Runner
38:48 Scale Mail Armor
38:59 Forging
38:47 Elite Bolas Rider
40:31 Chemistry
40:03 Ring Archer Armor
40:44 Conscription
42:10 Butalmapu
45:23 Champi Warrior
46:21 Chain Mail Armor
46:41 Iron Casting
46:18 Elite Champi Warrior
48:45 Plate Mail Armor
49:19 Blast Furnace
49:02 Crop Rotation
52:13 Pikeman
58:32 Capped Ram
58:41 Halberdier
Connection lost

Rejoining the realm…

Still unreachable

The connection could not be restored.

Session expired

The server has moved on; the page needs a fresh start.